 Dungeon Crawl Stone Soup version 0.32-a0-17-gb74e046682 (webtiles) character file.

Game seed: 11556269944109829566

4782 experimilk the Grappler (level 10, -1/110 HPs)
             Began as a Troll Gladiator on Jan 15, 2024.
             Was an Initiate of Wu Jian.
             Slain by a vampire (3 damage)
             ... on level 9 of the Dungeon.
             The game lasted 00:11:28 (8098 turns).

experimilk the Grappler (Troll Gladiator)           Turns: 8098, Time: 00:11:28

Health: -1/110     AC:  6    Str: 28    XL:     10   Next: 23%
Magic:  9/9        EV: 10    Int:  4    God:    Wu Jian [......]
Gold:   236        SH:  0    Dex: 11    Spells: 9/9 levels left

rFire   . .          .
                       - Unarmed
rCold   . . .        (no shield)
rNeg    . . .        i - +0 robe
rPois   .            b - +1 hat
rElec   .            B - +0 cloak
rCorr   .            (gloves unavailable)
SInv    .            (boots unavailable)
Will    .....        (no amulet)
Stlth   +            (no ring)
HPRegen 1.18/turn    (no ring)
MPRegen 0.11/turn

%: no passive effects
@: no status effects
A: large, unfitting armour, claws 3, regeneration 1, shaggy fur 1, tough skin 1
a: Renounce Religion


You were on level 9 of the Dungeon.
You worshipped Wu Jian.
Wu Jian was noncommittal.
You visited 2 branches of the dungeon, and saw 10 of its levels.

You collected 487 gold pieces.
You spent 251 gold pieces at shops.

Inventory:

Missiles
 a - 9 poisoned darts (quivered)
 c - 2 boomerangs
 q - 3 throwing nets
 z - a large rock
Armour
 b - a +1 hat (worn)
 i - a +0 robe (worn)
 B - a +0 cloak (worn)
Jewellery
 e - a ring of poison resistance
Wands
 k - a wand of iceblast (2)
 p - a wand of polymorph (19)
 w - a wand of flame (16)
Scrolls
 f - 5 scrolls of teleportation
 j - 2 scrolls of enchant weapon {unknown}
 n - 2 scrolls of enchant armour
 t - 2 scrolls of silence {unknown}
 u - 2 scrolls of poison
 v - a scroll of fear
 y - a scroll of amnesia {unknown}
 A - a scroll of blinking {unknown}
 C - a scroll of identify
Potions
 d - 2 potions of cancellation
 g - 4 potions of mutation
 h - 6 potions of might
 l - 2 potions of enlightenment
 m - a potion of lignification
 o - 2 potions of heal wounds
 r - a potion of haste
 s - 2 potions of brilliance
 x - 2 potions of curing


   Skills:
 - Level 10.0 Fighting
 * Level 2.5 Throwing
 - Level 2.4 Dodging
 - Level 10.0 Unarmed Combat


You had 9 spell levels left.
You didn't know any spells.
Your spell library contained the following spells:

 Spells                   Type           Power      Damage    Failure   Level
 Foxfire                  Conj/Fire      0%         2x1d4     50%         1
 Magic Dart               Conj           0%         1d3       50%         1
 Sandblast                Erth           0%         2d4       50%         1
 Shock                    Conj/Air       0%         1d3       50%         1
 Jinxbite                 Hex            0%         N/A       65%         2
 Lesser Beckoning         Tloc           0%         N/A       65%         2
 Searing Ray              Conj           0%         2d4       65%         2
 Gell's Gravitas          Tloc           0%         N/A       86%         3
 Inner Flame              Hex/Fire       0%         N/A       86%         3
 Passwall                 Erth           0%         N/A       86%         3
 Stone Arrow              Conj/Erth      0%         3d7       86%         3
 Teleport Other           Tloc           0%         N/A       86%         3
 Animate Dead             Necr           0%         N/A       99%         4
 Brom's Barrelling Bould  Conj/Erth      0%         2d3       99%         4
 Flame Wave               Conj/Fire      0%         2d4       99%         4
 Fulminant Prism          Conj/Alch      0%         3d5       99%         4
 Sticky Flame             Fire/Alch      0%         2d4       99%         4
 Borgnjor's Vile Clutch   Necr/Erth      0%         N/A       100%        5
 Curse of Agony           Necr           0%         N/A       100%        5
 Yara's Violent Unravell  Hex/Alch       0%         3d3       100%        5
 Death Channel            Necr           0%         N/A       100%        6
 Enfeeble                 Hex            0%         N/A       100%        7


Dungeon Overview and Level Annotations

Branches:
Dungeon (9/15)             Temple (1/1) D:7
   Lair: D:8-11         Orc: D:9-12

Altars:
Ashenzari
Cheibriados
Dithmenos
Elyvilon
Fedhas
Hepliaklqana
Makhleb
Okawaru
Qazlal
Ru
Sif Muna
Trog
Uskayaw
Vehumet
Wu Jian
Xom
Yredelemnul
Zin
The Shining One

Shops:
D:4 *   D:7 ?   D:8 *


Innate Abilities, Weirdness & Mutations

You are too large for most types of armour.
You have claws for hands.
Your natural rate of healing is unusually fast.
You are covered in fur. (AC +1)
You have tough skin. (AC +1)


Message History

You barely miss something. Something hits you but does no damage.
Something bites you but does no damage.
You closely miss something. You barely miss something.
Something hits you but does no damage. Something bites you.
Something draws strength from your injuries!
Unknown command.
You barely miss something. You claw something! Something hits you.
Something bites you.
Something draws strength from your injuries!
You closely miss something. Something completely misses you.
Something bites you but does no damage.
You claw something! Your claw misses something.
Something draws life force from you!
You closely miss something. You claw something. You miss something.
You hear some strange, mumbled words.
Something tries to affect you, but you resist.
You scratch something. Something hits you!
* * * LOW HITPOINT WARNING * * *
Something bites you but does no damage.
You closely miss something. Something hits you.
* * * LOW HITPOINT WARNING * * *
Something bites you but does no damage.
You miss something. Something hits you but does no damage. Something bites you.
* * * LOW HITPOINT WARNING * * *
Something draws strength from your injuries!
You scratch something but do no damage. Something hits you!
* * * LOW HITPOINT WARNING * * *
Something bites you.
* * * LOW HITPOINT WARNING * * *
Something draws strength from your injuries!
You claw something! You barely miss something. Something hits you!
* * * LOW HITPOINT WARNING * * *
Something bites you.
* * * LOW HITPOINT WARNING * * *
Something draws strength from your injuries!
You scratch something. Something hits you.
You die...

#.# #.... #.#
#....# #######.#
#....# #.......#
#....# #.#######
#....# #.#
#....# #.#
#....#####.# #.#
#....'@{...# #.#
#....#########.#
####.##....#...#
#...##.##.#.###
#.####.##.#.#
#)#....##.#.#
#.#)#####...#
#.#)# #####
#..)#


There were no monsters in sight!

Vanquished Creatures
  A two-headed ogre (D:8)
  Jeremiah (D:8)
  Maggie (D:8)
  Psyche (D:8)
  2 hornets
  Edmund (D:4)
  2 water moccasins
  3 orc warriors
  2 black bears
  A sky beast (D:6)
  3 ogres
  3 phantoms
  A kobold brigand (D:7)
  Blork the orc (D:4)
  5 bullfrogs
  A scorpion (D:6)
  4 wights (D:8)
  6 howler monkeys
  A bombardier beetle (D:6)
  A jelly (D:7)
  A hound (D:7)
  5 orc priests
  A sleepcap (D:8)
  4 iguanas
  Terence (D:3)
  4 orc wizards
  4 adders
  4 gnolls (D:4)
  A shadow imp (D:8)
  3 white imps
  4 ufetubi
  3 dart slugs
  18 orcs
  8 endoplasms
  5 giant cockroaches
  11 goblins
  4 hobgoblins
  2 jackals (D:1)
  2 quokkas
  9 ball pythons
  6 bats
  A frilled lizard (D:2)
  13 kobolds
  4 rats
159 creatures vanquished.

Notes
Turn   | Place    | Note
-------+----------+-------------------------------------------
     0 | D:1      | experimilk the Troll Gladiator began the quest for the Orb.
     0 | D:1      | Reached XP level 1. HP: 19/19 MP: 0/0
   259 | D:1      | Reached XP level 2. HP: 17/27 MP: 1/1
   301 | D:1      | Got the Excursus on Hurting and Lamentation
   739 | D:1      | Found a faded altar of an unknown god.
   872 | D:2      | Reached XP level 3. HP: 33/33 MP: 2/2
  1137 | D:2      | Reached XP level 4. HP: 41/41 MP: 3/3
  1192 | D:2      | Reached skill level 5 in Unarmed Combat
  1964 | D:3      | Found a broken altar of Ashenzari.
  2033 | D:3      | Noticed Terence
  2040 | D:3      | Killed Terence
  2316 | D:4      | Reached XP level 5. HP: 46/48 MP: 4/4
  2351 | D:4      | Noticed Blork the orc
  2358 | D:4      | Killed Blork the orc
  2428 | D:4      | Found a hide-covered altar of Uskayaw.
  2686 | D:4      | Reached XP level 6. HP: 40/55 MP: 5/5
  2859 | D:4      | Identified the +3 leather armour of Parts Unknown {rElec}
  3034 | D:4      | Found Sabrolacs's Assorted Antiques.
  3043 | D:4      | Bought a scroll of teleportation for 93 gold pieces
  3043 | D:4      | Bought a scroll of identify for 62 gold pieces
  3261 | D:4      | Noticed Edmund
  3267 | D:4      | Killed Edmund
  3335 | D:5      | Entered Level 5 of the Dungeon
  3406 | D:5      | Reached XP level 7. HP: 55/62 MP: 6/6
  4433 | D:6      | Reached XP level 8. HP: 42/70 MP: 7/7
  4435 | D:6      | Reached skill level 10 in Unarmed Combat
  5183 | D:7      | Reached skill level 5 in Fighting
  5226 | D:7      | Found Laxaff's Magic Scroll Shoppe.
  5234 | D:7      | Bought a scroll of poison for 48 gold pieces
  5234 | D:7      | Bought a scroll of fear for 48 gold pieces
  5286 | D:7      | Found a bloodstained altar of Trog.
  5593 | D:7      | Found a staircase to the Ecumenical Temple.
  5602 | Temple   | Entered the Ecumenical Temple
  5623 | Temple   | Became a worshipper of the Wu Jian Council
  5726 | D:7      | Reached XP level 9. HP: 87/89 MP: 8/8
  6070 | D:7      | Found a burning altar of Makhleb.
  6258 | D:8      | Noticed Psyche
  6263 | D:8      | Killed Psyche
  6368 | D:8      | Noticed Jeremiah
  6635 | D:8      | Killed Jeremiah
  6698 | D:8      | Found Uzaiv's Mail-Order Catalogue.
  6701 | D:8      | Noticed Maggie
  6716 | D:8      | Killed Maggie
  6829 | D:8      | Found a blossoming altar of Fedhas.
  6898 | D:8      | Noticed a two-headed ogre
  6909 | D:8      | Killed a two-headed ogre
  6910 | D:8      | Reached XP level 10. HP: 54/107 MP: 9/9
  7970 | D:9      | Reached skill level 10 in Fighting
  8097 | D:9      | HP: 1/110 [something (6)]
  8098 | D:9      | Slain by a vampire

Illustrated notes

Levels and vault maps discovered:
D:1:      dpeg_arrival_stone_temple_mockup, layout_basic,
          shapermc_ecumenical_altar_mp_urbaneastern
D:2:      layout_basic, minmay_gold_behind_fungi
D:3:      layout_basic, mainiacjoe_overflow_cross_hatched, uniq_terence
D:4:      layout_basic, mainiacjoe_overflow_alcove_1, serial_shops,
          nicolae_shop_dealshenge, uniq_blork_the_orc, uniq_edmund
D:5:      layout_layer_cave
D:6:      layout_loops_corners, grunt_decor_cap
D:7:      layout_cave_pods, lightli_temple_of_fire, trog_three_pillars_becter,
          lemuel_temple_firewalk_a, serial_shops, nicolae_shop_statue_plus
D:8:      layout_loops_ring, mainiacjoe_overflow_chevrons, st_stairs_3,
          minivault_26, dk_noncrumbling_2, monkooky_shop_mail_order,
          uniq_jeremiah, uniq_psyche, uniq_maggie
D:9:      layout_basic, david_orc_4, minivault_1, uniq_joseph
Temple:   dpeg_chambers_temple

Skill      XL: |  1  2  3  4  5  6  7  8  9 10 |
---------------+-------------------------------+-----
Unarmed Combat | 4 5 6 8 9 10 | 10.0
Fighting       | 6 9 10 | 10.0
Throwing       | 2 |  2.5
Dodging        | |  2.4

Action                     |  1- 3 |  4- 6 |  7- 9 | 10-12 || total
---------------------------+-------+-------+-------+-------++-------
  Melee: Unarmed           |    95 |   112 |   167 |    74 ||   448
         Punch             |     2 |     3 |     8 |     3 ||    16
  Throw: Dart              |       |       |    17 |     4 ||    21
         Boomerang         |       |       |     7 |     8 ||    15
         Large rock        |       |       |     4 |     3 ||     7
Ability: Lunge             |       |       |     5 |     3 ||     8
    Use: Scroll            |       |     7 |     4 |     2 ||    13
   Stab: Sleeping          |     1 |     1 |     1 |       ||     3
 Armour: Robe              |    67 |    63 |   127 |    72 ||   329
  Dodge: Dodged            |    60 |    48 |    78 |    31 ||   217

Table legend: (Time is in decaauts)
 A = Elapsed time spent in this place.
 B = Non-inter-level travel time spent in this place.
 C = Inter-level travel time spent in this place.
 D = Time resting spent in this place.
 E = Time spent auto-exploring this place.
 F = Levels seen in this place.
 G = Mean time per level.
                   A        B        C        D        E       F      G
               +--------+--------+--------+--------+--------+-----+--------+
         Total |   8054 |   7769 |    285 |   1261 |   5360 |  10 |  805.4 |
       Dungeon |   8012 |   7767 |    245 |   1261 |   5360 |   9 |  890.2 |
        Temple |     42 |      2 |     40 |      0 |      0 |   1 |   42.0 |
               +--------+--------+--------+--------+--------+-----+--------+

Top non-repeatable levels by time:
     D:7: 1270 daAuts
     D:8: 1148 daAuts
     D:4: 1017 daAuts
     D:5: 1004 daAuts
     D:2: 856 daAuts
     D:6: 804 daAuts
     D:1: 758 daAuts
     D:3: 683 daAuts
     D:9: 467 daAuts
  Temple: 42 daAuts
